 Dungeon Crawl Stone Soup version 0.20-a0-1126-g0f15420 (webtiles) character file.

184 4thArraOfDagon the Ruffian (level 5, 0/49 HPs)
             Began as a Troll Transmuter on May 17, 2017.
             Killed from afar by an orc wizard (3 damage)
             ... with a magic dart
             ... on level 4 of the Dungeon.
             The game lasted 00:02:15 (567 turns).

4thArraOfDagon the Ruffian (Troll Transmuter)        Turns: 567, Time: 00:02:15

Health: 0/49       AC:  5    Str: 18    XL:     5   Next: 36%
Magic:  5/5        EV: 15    Int: 10    God:
Gold:   28         SH:  0    Dex: 15    Spells: 5/6 levels left

rFire    . . .     SeeInvis .     - Unarmed
rCold    . . .     Gourm    +   (no shield)
rNeg     . . .     Faith    .   b - +0 robe
rPois    .         Spirit   .   (helmet restricted)
rElec    .         Reflect  .   (no cloak)
rCorr    .         Harm     .   (gloves unavailable)
MR       .....                  (boots unavailable)
Stlth    ++........             (no amulet)
Regen    0.6/turn               (no ring)
MPRegen  0.1/turn               (no ring)

@: agile
A: unfitting armour, claws 3, fast metabolism 3, gourmand, regeneration 1,
shaggy fur 1, tough skin 2
a: no special abilities


You were on level 4 of the Dungeon.
You were full.

You visited 1 branch of the dungeon, and saw 4 of its levels.

You collected 28 gold pieces.

Inventory:

Missiles
 a - 12 arrows
Armour
 b - a +0 robe (worn)
Scrolls
 e - a scroll of enchant armour
 h - a scroll of identify
Potions
 j - a potion of agility
Books
 c - a book of Changes

   Spells                             Type                      Level
   a - Beastly Appendage              Transmutation                1
   b - Sticks to Snakes               Transmutation                2
   c - Spider Form                    Transmutation/Poison         3
   d - Ice Form                       Ice/Transmutation            4
   e - Blade Hands                    Transmutation                5
Comestibles
 d - 3 bread rations
 f - a royal jelly


   Skills:
 - Level 2.0 Fighting
 - Level 1.5 Dodging
 * Level 5.6 Unarmed Combat
 - Level 1.2 Spellcasting
 - Level 1.3 Transmutations


You had 5 spell levels left.
You knew the following spells:

 Your Spells              Type           Power        Failure   Level  Hunger
a - Beastly Appendage     Tmut           #.....       19%         1    ##.....


Dungeon Overview and Level Annotations

Branches:
Dungeon (4/15)
 Temple: D:4-7

Altars:
Xom

Annotations:
D:2 Ijyb


Innate Abilities, Weirdness & Mutations

You are too large for most types of armour.
You have claws for hands.
Your metabolism is lightning-fast.
You like to eat raw meat.
Your natural rate of healing is unusually fast.
You are covered in fur. (AC +1)
You have very tough skin. (AC +2)


Message History

Unknown command.
You barely miss the orc wizard. The orc wizard hits you with a dagger.
* * * LOW HITPOINT WARNING * * *
The orc wizard barely misses you.
You scratch the orc wizard but do no damage.
The orc wizard misses you. The orc wizard completely misses you.
Unknown command.
You closely miss the orc wizard. The orc wizard casts a spell at you.
The puff of flame hits you!
* * * LOW HITPOINT WARNING * * *
The orc wizard hits you but does no damage.
Unknown command.
You closely miss the orc wizard. The orc wizard hits you with a dagger.
* * * LOW HITPOINT WARNING * * *
The orc wizard hits you with a dagger.
* * * LOW HITPOINT WARNING * * *
The orc wizard points at you and mumbles some strange words.
The magic dart hits you!
You die...

#.# #s# . #.# #.# #.#
#.# ## #.# #.# .
#.####.#######
###########....#........
............(#..........
############.###........
#.o@o........ ....
#####........ ####
#........ #........
#..$..... #######


You could see 2 orc wizards.

Vanquished Creatures
  An ice beast (D:3)
  A scorpion (D:4)
  An orc priest (D:4)
  3 dart slugs
  A leopard gecko (D:1)
  4 goblins
  2 hobgoblins
  A kobold (D:3)
  A bat (D:1)
  A frilled lizard (D:2)
  A rat (D:1)
17 creatures vanquished.

Notes
Turn   | Place    | Note
-------+----------+-------------------------------------------
     0 | D:1      | 4thArraOfDagon the Troll Transmuter began the quest for the Orb.
     0 | D:1      | Reached XP level 1. HP: 18/18 MP: 1/1
    90 | D:1      | Reached skill level 1 in Fighting
   137 | D:1      | Reached XP level 2. HP: 27/27 MP: 2/2
   228 | D:2      | Noticed Ijyb
   336 | D:3      | Noticed an ice beast
   430 | D:3      | Killed an ice beast
   430 | D:3      | Reached skill level 4 in Unarmed Combat
   430 | D:3      | Reached XP level 3. HP: 19/35 MP: 3/3
   430 | D:3      | Reached XP level 4. HP: 23/42 MP: 4/4
   521 | D:4      | Found a shimmering altar of Xom.
   533 | D:4      | Reached skill level 5 in Unarmed Combat
   562 | D:4      | Reached XP level 5. HP: 18/49 MP: 5/5
   567 | D:4      | Killed from afar by an orc wizard

Vault maps used:
D:1:      nagdon_arrival_double_spiral, evilmike_ruin_ashenzari
D:2:      kennysheep_the_goblin_king, cheibriados_altar_1
D:3:      chequers_temple_overflow_statue_of_worship, uniq_natasha
D:4:      xom_teletrap_fun

Skill      XL: |  1  2  3  4 |
---------------+-------------+-----
Fighting       | 1 2 |  2.0
Unarmed Combat | 4 5 |  5.6
Dodging        | |  1.5
Spellcasting   | |  1.2
Transmutations | |  1.3

Action                   |  1- 3 |  4- 6 || total
-------------------------+-------+-------++-------
Melee: Unarmed           |    46 |    17 ||    63
       Punch             |     1 |       ||     1
  Use: Potion            |       |     3 ||     3
       Scroll            |       |     1 ||     1
  Eat: Chunk             |     8 |       ||     8
Armor: Robe              |    13 |     6 ||    19
Dodge: Dodged            |    28 |    10 ||    38
